 Dungeon Crawl Stone Soup version 0.31-a0-726-g3c93526463 (webtiles) character file.

Game seed: 12464582426303600052

46 Descartes the Grasshopper (level 3, -9/24 (28) HPs)
             Began as a Formicid Warper on Sept 11, 2023.
             Mangled by an ogre
             ... wielding a +0 giant club
              (23 damage)
             ... on level 3 of the Dungeon.
             The game lasted 00:02:35 (1180 turns).

Descartes the Grasshopper (Formicid Warper)         Turns: 1180, Time: 00:02:36

HP:   -9/24 (28)    AC:  6    Str: 17    XL:     3   Next: 92%
MP:   6/6           EV: 11    Int: 12    God:
Gold: 108           SH:  0    Dex: 13    Spells: 7/7 levels left

rFire   + . .        a - +0 hand axe
rCold   . . .        (no shield)
rNeg    . . .        k - +2 leather armour {rF+}
rPois   .            (helmet unavailable)
rElec   .            (no cloak)
rCorr   .            (no gloves)
SInv    +            f - +0 pair of boots
Will    .....        (no amulet)
Stlth   +            (no ring)
HPRegen 0.24/turn    (no ring)
MPRegen 0.10/turn

%: no passive effects
@: heavily drained
A: permanent stasis, dig shafts and tunnels, antennae 3, four strong arms
a: Dig, Shaft Self


You were on level 3 of the Dungeon.
You visited 1 branch of the dungeon, and saw 3 of its levels.

You collected 108 gold pieces.

Inventory:

Hand Weapons
 a - a +0 hand axe (weapon)
Missiles
 c - 7 darts of dispersal (quivered)
 m - 3 atropa-tipped darts
Armour
 f - a +0 pair of boots (worn)
 k - a +2 leather armour of fire resistance (worn)
Scrolls
 d - a scroll of poison {unknown}
 e - a scroll of teleportation {unknown}
 h - a scroll of identify {unknown}
 i - 2 scrolls of amnesia {unknown}
 l - 3 scrolls of fog {unknown}
Potions
 b - a potion of brilliance {unknown}
 g - a potion of mutation {unknown}
 j - a potion of haste {unknown}
 n - a potion of curing {unknown}


   Skills:
 + Level 2.7 Fighting
 + Level 2.4 Axes
 - Level 1.0 Throwing
 + Level 1.8 Armour
 - Level 1.7 Dodging
 + Level 1.4 Shields
 + Level 2.5 Spellcasting
 + Level 2.9 Translocations


You had 7 spell levels left.
You didn't know any spells.
Your spell library contained the following spells:

 Spells                   Type           Power      Damage    Failure   Level
 Lesser Beckoning         Tloc           16%        N/A       14%         2
 Teleport Other           Tloc           8%         N/A       26%         3
 Manifold Assault         Tloc           8%         N/A       65%         4
 Blink                    Tloc           Unusable   N/A       N/A         2
 Vhi's Electric Charge    Tloc/Air       Unusable   N/A       N/A         4

Dungeon Overview and Level Annotations

Branches:
Dungeon (3/15)

Altars:

Annotations:
D:1 1 runed translucent door


Innate Abilities, Weirdness & Mutations

You cannot be hasted, slowed, berserked, paralysed or teleported.
You can dig through walls and to a lower floor.
You have a pair of large antennae on your head. (SInv)
Your four strong arms can wield two-handed weapons with a shield.


Message History

The ogre hits you with a +0 giant club.
You see here a bat corpse.
Found a scroll labelled TYOCSALEAG.
The giant cockroach barely misses you.
The giant cockroach attacks as it pursues you!
The giant cockroach bites you but does no damage.
The giant cockroach bites you.
The giant cockroach attacks as it pursues you!
The giant cockroach bites you but does no damage.
The giant cockroach attacks as it pursues you!
The giant cockroach bites you but does no damage.
The giant cockroach attacks as it pursues you!
The giant cockroach bites you but does no damage.
The giant cockroach attacks as it pursues you!
The giant cockroach bites you but does no damage.
You extend your mandibles.
You dig through the rock wall.
You feel drained.
The giant cockroach attacks as it pursues you!
The giant cockroach barely misses you.
You dig through the rock wall.
You feel drained. The giant cockroach closely misses you.
You dig through the rock wall.
You feel drained.
You retract your mandibles.
You hit the giant cockroach.
The giant cockroach is almost dead.
The giant cockroach closely misses you.
You hit the giant cockroach but do no damage.
The giant cockroach is almost dead.
The giant cockroach bites you but does no damage. x2
You barely miss the giant cockroach.
The giant cockroach is almost dead.
The giant cockroach bites you.
You completely miss the giant cockroach.
The giant cockroach is almost dead.
The giant cockroach misses you.
You hit the giant cockroach.
You kill the giant cockroach!
You completely miss the ogre.
The ogre hits you with a +0 giant club!!
Ouch! That really hurt!
You die...

#....<........
##............
#.........{..
#..o†........
###....###### .
#....# .. #....#
... ##...## ###
.... #.†..# #@##
.....#{...# ##O#
.......#########{##
.?...........{{{##
................#
................#
#...............#
..#.............#
..#.............#


You could see an ogre.

Vanquished Creatures
  2 adders (D:2)
  6 endoplasms
  A giant cockroach (D:3)
  2 goblins (D:1)
  3 hobgoblins
  4 ball pythons (D:2)
  3 bats
  2 frilled lizards (D:2)
  3 rats
26 creatures vanquished.

Notes
Turn   | Place    | Note
-------+----------+-------------------------------------------
     0 | D:1      | Descartes the Formicid Warper began the quest for the Orb.
     0 | D:1      | Reached XP level 1. HP: 16/16 MP: 3/3
     1 | D:1      | Found a runed translucent door.
   330 | D:1      | Reached XP level 2. HP: 22/22 MP: 5/5
   593 | D:2      | Reached skill level 1 in Shields
   593 | D:2      | Reached XP level 3. HP: 12/28 MP: 6/6
  1146 | D:3      | Noticed an ogre
  1180 | D:3      | Mangled by an ogre

Illustrated notes

Levels and vault maps discovered:
D:1:      dpeg_arrival_caged_fury, layout_basic, minmay_misc_feat_hallway
D:2:      layout_loops_ring
D:3:      layout_basic, eat_drink_and_be_merry_uskayaw, gammafunk_ghost_arena

Skill      XL: |  1  2 |
---------------+-------+-----
Shields        | 1 |  1.4
Fighting       | |  2.7
Axes           | |  2.4
Throwing       | |  1.0
Armour         | |  1.8
Dodging        | |  1.7
Spellcasting   | |  2.5
Translocations | |  2.9

Action                     || total
---------------------------++-------
  Melee: Hand axe          ||    79
Ability: Dig               ||     1
   Stab: Sleeping          ||     2
 Armour: Ring mail         ||     7
         Leather armour    ||    38
  Dodge: Dodged            ||    54

Table legend: (Time is in decaauts)
 A = Elapsed time spent in this place.
 B = Non-inter-level travel time spent in this place.
 C = Inter-level travel time spent in this place.
 D = Time resting spent in this place.
 E = Time spent auto-exploring this place.
 F = Levels seen in this place.
 G = Mean time per level.
                   A        B        C        D        E       F      G
               +--------+--------+--------+--------+--------+-----+--------+
         Total |   1194 |   1144 |     50 |      0 |    872 |   3 |  398.0 |
       Dungeon |   1194 |   1144 |     50 |      0 |    872 |   3 |  398.0 |
               +--------+--------+--------+--------+--------+-----+--------+

Top non-repeatable levels by time:
     D:2: 791 daAuts
     D:1: 366 daAuts
     D:3: 36 daAuts
